[Event "*** SCC Grand Prix: Titled Tuesday Blitz"]
[Site "Chess.com"]
[Date "2020.06.23"]
[Round "5"]
[White "andriipalchuk"]
[Black "shnitez"]
[Result "0-1"]
[WhiteElo "2361"]
[BlackElo "2517"]
[TimeControl "180+1"]
[EndTime "10:57:16 PDT"]
[Termination "shnitez won by checkmate"]

1. Nf3 Nf6 2. g3 b6 3. Bg2 Bb7 4. O-O c5 5. c4 e6 6. Nc3 Be7 7. d4 cxd4 8. Qxd4 d6 9. Rd1 a6 10.
Bg5 Nbd7 11. Rac1 O-O 12. b3 Rc8 13. h3 Re8 14. e4 Qc7 15. Re1 Bc6 16. Qd3 Qb7 17.
Nd4 Nc5 18. Qe3 e5 19. Nf5 Ne6 20. Bxf6 Bxf6 21. Nxd6 Qb8 22. Nxc8 Rxc8 23. Rcd1 Nd4 24. Qd3 b5 25. cxb5 axb5 26. Nd5 Bxd5 27. exd5 Qa7 28. Rc1 Rxc1 29. Rxc1 g6 30. Qd2 Kg7 31. Rd1 h5 32.
Kh2 Qd7 33. f4 h4 34. g4 exf4 35. Qxf4 Qa7 36. d6 Ne2 37. Qf3 Nd4 38. Qd5 Ne2 39. d7 Qb8+ 40. Qd6 Be5+ 41. Qxe5+ Qxe5+ 42. Kh1 Ng3+ 43. Kg1 Ne2+ 44. Kh1 Ng3+ 45. Kg1 Ne2+ 46. Kf2 Nf4 47.
d8=Q Qe2+ 48. Kg1 Qxg2# 0-1

[Event "*** SCC Grand Prix: Titled Tuesday Blitz"]
[Site "Chess.com"]
[Date "2020.06.23"]
[Round "5"]
[White "skoularikii"]
[Black "crazy_but_lazy"]
[Result "1-0"]
[WhiteElo "2499"]
[BlackElo "2317"]
[TimeControl "180+1"]
[EndTime "10:57:16 PDT"]
[Termination "skoularikii won by checkmate"]

1. e4 e6 2. d4 d5 3. Nc3 Nf6 4. Bg5 dxe4 5. Nxe4 Be7 6. Bxf6 gxf6 7. Nf3 a6 8. Qd2 f5 9. Ng3 b5 10. Nh5 Bf8 11. O-O-O Bb7 12. Be2 Nd7 13. Rhe1 Qe7 14. d5 O-O-O 15. d6 Qxd6 16. Qc3 Bh6+ 17. Kb1 Qc6 18.
Qa3 Nc5 19. Ne5 Qb6 20. Nxf7 b4 21. Rxd8+ Rxd8 22. Qg3 Rf8 23. Nxh6 Bd5 24. Bf3 Rd8 25. Bxd5 Rxd5 26. Nf6 Rd6 27. Nf7 Rc6 28. Qg8+ Kb7 29. Nd8+ Ka7 30. Nxc6+ Qxc6 31. b3 a5 32. Qxh7 a4 33.
Qh3 a3 34. Qe3 Ka6 35. c3 bxc3 36. Rc1 Qb5 37. Rxc3 Na4 38. Qxe6+ Ka7 39. Rc4 Nc3+ 40. Rxc3 Qf1+ 41. Kc2 Qxf2+ 42. Kd3 Qf1+ 43. Qe2 Qb1+ 44. Rc2 Qa1 45. Qe3+ Kb7 46. Nd5 Qd1+ 47. Qd2 Qf1+ 48. Kc3 Qg1 49. b4 Qxh2 50. Kb3 Qe5 51. Rxc7+ Kb8 52.
Qd3 Qb2+ 53. Ka4 f4 54. Qb5+ Ka8 55. Qb7# 1-0

[Event "*** SCC Grand Prix: Titled Tuesday Blitz"]
[Site "Chess.com"]
[Date "2020.06.23"]
[Round "5"]
[White "vanyakuba"]
[Black "Bastiandash"]
[Result "1-0"]
[WhiteElo "2437"]
[BlackElo "2218"]
[TimeControl "180+1"]
[EndTime "10:57:17 PDT"]
[Termination "vanyakuba won by checkmate"]

1. e4 c5 2. Nc3 e6 3. f4 a6 4. Nf3 b5 5. d4 cxd4 6. Nxd4 Bb7 7. Bd3 Qb6 8. Nb3 Nf6 9. Qe2 h5 10.
Be3 Qc7 11. h3 b4 12. Na4 Nxe4 13. Bxe4 Bxe4 14. O-O-O Bc6 15. Nb6 Ra7 16. Nc4 Ra8 17. Bb6 Qxf4+ 18. Kb1 Bb5 19. Rd4 Qg5 20. Qd1 Nc6 21.
Nd6+ Bxd6 22. Rxd6 O-O 23. g4 h4 24. Re1 Rab8 25. Be3 Qf6 26. Nc5 Na5 27. Nxd7 Bxd7 28. Rxd7 Nc4 29. Bd4 Qf4 30. Bc5 Rfd8 31. Rxd8+ Rxd8 32. Qxd8+ Kh7 33. Qd3+ g6 34. Be3 Qc7 35. Bc1 Ne5 36. Qe4 Nc4 37. b3 Nb6 38. Qe2 a5 39. g5 a4 40. Qg4 axb3 41. axb3 Kg8 42. Qxh4 Nd5 43. Bb2 Qb6 44. Qd4 Nc3+ 45. Bxc3 Qa5 46. Qg7# 1-0

[Event "*** SCC Grand Prix: Titled Tuesday Blitz"]
[Site "Chess.com"]
[Date "2020.06.23"]
[Round "5"]
[White "goldaxe"]
[Black "Spartakus1975"]
[Result "0-1"]
[WhiteElo "2314"]
[BlackElo "2682"]
[TimeControl "180+1"]
[EndTime "10:57:18 PDT"]
[Termination "Spartakus1975 won on time"]

1. e4 e6 2. d4 d5 3. Nc3 Nf6 4.
e5 Nfd7 5. f4 c5 6. Nf3 Nc6 7.
Be3 Be7 8. Qd2 O-O 9. Nd1 f6 10.
c3 fxe5 11. fxe5 Qa5 12. Bd3 cxd4 13. cxd4 Qxd2+ 14. Kxd2 Nb6 15. b3 a5 16. a4 Nb4 17.
Be2 Bd7 18. Nc3 Nc8 19. Rac1 Na7 20. Nb5 Nxb5 21. axb5 Rfc8 22. Rxc8+ Rxc8 23. Rc1 Rxc1 24. Kxc1 h6 25. h4 Kf7 26. h5 Ke8 27. g4 Kd8 28. g5 hxg5 29. Bxg5 Be8 30. Bxe7+ Kxe7 31. Ng5 Bd7 32. Kd2 Be8 33. Bg4 Bd7 34. Kc3 Na2+ 35.
Kb2 Nb4 36. Kc3 b6 37. Be2 Be8 38. Bg4 Bxb5 39. Bxe6 Be2 40. Bf7 Bg4 41. Bg6 b5 42. Nf7 Nc6 43. Nd6 b4+ 44. Kd2 Nxd4 45. Nb7 Nxb3+ 46. Kc2 a4 47. Nd6 Nd4+ 48. Kd3 a3 49.
Kxd4 a2 50. Nc8+ Kd8 0-1

[Event "*** SCC Grand Prix: Titled Tuesday Blitz"]
[Site "Chess.com"]
[Date "2020.06.23"]
[Round "5"]
[White "DraG0s3L"]
[Black "mmmflatbread"]
[Result "0-1"]
[WhiteElo "2463"]
[BlackElo "2766"]
[TimeControl "180+1"]
[EndTime "10:57:18 PDT"]
[Termination "mmmflatbread won by resignation"]

1. d4 Nf6 2. c4 e6 3. Nc3 Bb4 4. Qc2 O-O 5. Nf3 d5 6. Bg5 h6 7.
Bxf6 Qxf6 8. e3 Nd7 9. a3 Bxc3+ 10. Qxc3 c6 11. Bd3 Re8 12. O-O dxc4 13. Bxc4 e5 14. dxe5 Nxe5 15. Nxe5 Qxe5 16. Qxe5 Rxe5 17. Rfd1 Re8 18.
Rd6 c5 19. Rad1 b6 20. Bd5 Rb8 21. Bc6 Rf8 22. e4 Be6 23. f4 Rbc8 24. f5 Bb3 25. R1d2 Rc7 26. e5 Rfc8 27. Bd7 Rd8 28. e6 Kf8 29.
R6d3 Bc4 30. Rd6 Ke7 31. Kf2 fxe6 32. fxe6 Bb5 33. Ke3 Bxd7 34. exd7 Rcxd7 35. Rxd7+ Rxd7 36. Rf2 Rd6 37. Rf4 Re6+ 38. Kd2 Kd6 39. Rg4 g5 40. Rg3 Re5 41. Rf3 Ke6 42. Rf8 Kd5 43. Rh8 Re6 44. Rh7 a6 45. Kd3 c4+ 46. Kd2 b5 47. g3 Ke4 48.
Rf7 Rd6+ 49. Ke2 Kd4 50. Kd2 a5 51. Rf5 Rd5 52. Rf6 h5 53. Rh6 g4 54. Ra6 b4 55.
axb4 axb4 56. Rc6 Rf5 57. Ke2 Rf3 58. Rd6+ Ke4 59. Re6+ Kf5 60. Rc6 Rb3 61. Rxc4 Rxb2+ 62. Ke3 b3 63. Rc5+ Kg6 64. Rc6+ Kf7 65. Kf4 Rxh2 66. Rb6 b2 67. Kg5 Ke7 68. Rb5 Kd7 69. Rb8 Kc6 70. Rb3 Kc5 71. Rb8 Kc4 72. Rc8+ Kd3 73.
Rd8+ Kc2 74. Rc8+ Kd1 75. Rb8 Kc1 76. Rc8+ Rc2 77. Rf8 b1=Q 78. Rf1+ Kb2 79. Rxb1+ Kxb1 80. Kxh5 Rc4 0-1

[Event "*** SCC Grand Prix: Titled Tuesday Blitz"]
[Site "Chess.com"]
[Date "2020.06.23"]
[Round "5"]
[White "Jumbo"]
[Black "youngKID"]
[Result "0-1"]
[WhiteElo "2840"]
[BlackElo "2769"]
[TimeControl "180+1"]
[EndTime "10:57:19 PDT"]
[Termination "youngKID won by resignation"]

1. d4 Nf6 2. Bf4 g6 3. e3 Bg7 4.
Nf3 O-O 5. Be2 b6 6. c4 Bb7 7. Qc2 c5 8. d5 d6 9. Nc3 Nbd7 10. h3 a6 11. a4 Ne8 12. Rd1 Ne5 13. Nd2 Nc7 14. Bh2 e6 15. f4 Qh4+ 16. g3 Qxh3 17.
Bf1 Qh6 18. fxe5 Qxe3+ 19. Ne2 Bxe5 20. Bg2 exd5 21. Nf1 Qg5 22. cxd5 Rae8 23. Qd2 Qf6 24. Qh6 Bxb2 25. Bg1 Bc3+ 26. Nd2 Qg7 27. Qxg7+ Kxg7 28. Kf1 Be5 29. Nc4 b5 30. Na5 Bc8 31. axb5 axb5 32. Bf3 h5 33. Kg2 Bg4 34. Nc6 Bf6 35.
Nf4 Ra8 36. Rd2 b4 37. Bxg4 hxg4 38. Be3 Ra3 39. Re2 Re8 40. Bc1 Rxe2+ 41. Nxe2 Ra2 42. Kf2 Nxd5 43. Rd1 Nc3 44. Rd2 Ne4+ 45. Ke1 Nxd2 46.
Bxd2 b3 0-1

[Event "*** SCC Grand Prix: Titled Tuesday Blitz"]
[Site "Chess.com"]
[Date "2020.06.23"]
[Round "5"]
[White "nikitakhoroshev"]
[Black "TimKett"]
[Result "1-0"]
[WhiteElo "2477"]
[BlackElo "2222"]
[TimeControl "180+1"]
[EndTime "10:57:19 PDT"]
[Termination "nikitakhoroshev won by resignation"]

1. d4 d5 2. c4 e6 3. Nc3 c5 4. cxd5 exd5 5. Nf3 Nc6 6. g3 Nf6 7. Bg2 cxd4 8. Nxd4 Bc5 9. Nb3 Bb6 10. Nxd5 Nxd5 11.
Qxd5 Be6 12. Qxd8+ Rxd8 13. O-O O-O 14. Bf4 Bc4 15.
Rfe1 Rfe8 16. e4 Nb4 17. Rec1 Be6 18. Nc5 Bxc5 19. Rxc5 b6 20. Rc7 a5 21. a4 Nd3 22.
Be3 Nxb2 23. Bxb6 Rd6 24. Bxa5 Red8 25. h4 Rd1+ 26. Rxd1 Rxd1+ 27. Kh2 h6 28. Rb7 Nxa4 29. Bb4 Nb2 30. f4 Nd3 31. f5 Bc4 32. Rc7 Nxb4 33.
Rxc4 Nd3 34. Rc8+ Kh7 35. g4 Nf4 36. Bf3 g5 37. fxg6+ fxg6 38. Rc7+ Kh8 39. Kg3 g5 40. hxg5 hxg5 41. Rc5 Rg1+ 42. Kh2 Rf1 43. Rc3 Kg7 44. e5 Kf7 45. Rc6 Rxf3 46. Rf6+ Kg7 47. Rf5 Rf2+ 48. Kg3 Nd3 49. Rxf2 Nxf2 50. Kxf2 Kf7 51. Ke3 Ke7 52. Kd4 Ke6 53. Ke4 Ke7 54. Kf5 1-0

[Event "*** SCC Grand Prix: Titled Tuesday Blitz"]
[Site "Chess.com"]
[Date "2020.06.23"]
[Round "5"]
[White "boasovietica"]
[Black "Alindsay211"]
[Result "0-1"]
[WhiteElo "2445"]
[BlackElo "2297"]
[TimeControl "180+1"]
[EndTime "10:57:19 PDT"]
[Termination "Alindsay211 won on time"]

1. e4 c5 2. Nf3 e6 3. Nc3 Nc6 4. g3 g6 5. Bg2 Bg7 6. O-O Nge7 7. d3 O-O 8. Be3 b6 9. Qd2 Re8 10. Bh6 Bh8 11. Qf4 d6 12. Qh4 Nd4 13. Ne1 Rb8 14.
f4 b5 15. Nd1 b4 16. g4 Nec6 17. Bg5 f6 18. Bh6 f5 19. Bg5 Qc7 20. c3 bxc3 21.
bxc3 Nb5 22. Rc1 Bg7 23. a4 Na3 24. Ne3 fxe4 25. dxe4 Na5 26. f5 exf5 27. Nd5 Qf7 28. exf5 gxf5 29. gxf5 Bb7 30. f6 Bf8 31. Nf4 Bxg2 32.
Nexg2 N3c4 33. Rf3 Ne5 34. Rg3 Ng6 35. Nxg6 hxg6 36. Bh6 Re6 37. Rf1 Rbe8 38. Qh5 Qh7 39. Rxg6+ Kh8 40. Bg7+ Bxg7 41. fxg7+ Kg8 42. Rxe6 Qxh5 43.
Rxe8+ Qxe8 0-1

[Event "*** SCC Grand Prix: Titled Tuesday Blitz"]
[Site "Chess.com"]
[Date "2020.06.23"]
[Round "5"]
[White "maciek_92"]
[Black "petrkostenko"]
[Result "0-1"]
[WhiteElo "2690"]
[BlackElo "2521"]
[TimeControl "180+1"]
[EndTime "10:57:20 PDT"]
[Termination "petrkostenko won on time"]

1. e4 e6 2. d4 d5 3. Nd2 Nf6 4. e5 Nfd7 5. Bd3 c5 6. c3 Nc6 7. Ne2 cxd4 8. cxd4 f6 9. exf6 Qxf6 10. Nf3 h6 11. O-O Bd6 12. Ng3 O-O 13. Nh5 Qf7 14. Nh4 Ne7 15. Be3 Rd8 16. Rc1 Nf8 17. Bc2 Bd7 18.
Re1 Be8 19. Ng3 Nc6 20. Qg4 Kh8 21. f4 Bc7 22. Nf3 Bb6 23. Ne5 Qe7 24. Rcd1 Rac8 25.
Bb1 Qb4 26. Nh5 Qe7 27. Bf2 Nxe5 28. Rxe5 Bc7 29. Re3 Qf7 30. Rh3 Bd7 31. Rf1 e5 32. f5 e4 33. Be3 Nh7 34. Nf4 Nf6 35. Ng6+ Kh7 36. Qh4 Ng8 37. Qh5 Qf6 38. Bc2 Re8 39. Bd1 Bb6 40. Kh1 Rc4 41. b3 Rxd4 42. Bg5 Qc6 43. Bg4 e3 44. f6 Rxg4 45. f7 Rxg5 46. f8=Q Rxh5 0-1

[Event "*** SCC Grand Prix: Titled Tuesday Blitz"]
[Site "Chess.com"]
[Date "2020.06.23"]
[Round "5"]
[White "StephenDedalus83"]
[Black "hermionegrangermagic"]
[Result "1-0"]
[WhiteElo "2765"]
[BlackElo "2531"]
[TimeControl "180+1"]
[EndTime "10:57:21 PDT"]
[Termination "StephenDedalus83 won on time"]

1. e4 c5 2. Nf3 Nc6 3. d4 cxd4 4. Nxd4 e5 5. Nb5 d6 6. N1c3 a6 7. Na3 b5 8. Nd5 Nge7 9. c4 Nd4 10. Be3 Nxd5 11. cxd5 Be7 12. Bd3 O-O 13. O-O g6 14. Qd2 Bf6 15. Bxd4 exd4 16. Nc2 Bg7 17. Rae1 f5 18.
exf5 Bxf5 19. Nb4 Qh4 20. Nc6 Kh8 21. Re2 Bg4 22. f3 Bh6 23. Qb4 Bf5 24. Bxf5 Rxf5 25. Qxd4+ Qxd4+ 26. Nxd4 Rxd5 27. Ne6 Re8 28. Rfe1 Rf5 29.
Kf2 Rf7 30. Rd1 Rd7 31. Nc5 Rxe2+ 32. Kxe2 Re7+ 33. Ne4 Bf4 34. g3 Be5 35. b3 Rd7 36. f4 Bg7 37. Rxd6 Re7 38. Kf3 Bf8 39. Rxa6 Rc7 40.
Ng5 Rc3+ 41. Ke4 Rc2 42. Ra8 Kg7 43. Ne6+ Kf7 44. Nxf8 Rxh2 45. Nd7 Rd2 46. Ne5+ Ke6 47. Ra6+ Ke7 48. Ra7+ Kf6 49. g4 Re2+ 50. Kf3 Rc2 51. Ra6+ Kg7 52. f5 Kh6 53. f6 b4 54.
f7 Rc8 55. Nd7 1-0

[Event "*** SCC Grand Prix: Titled Tuesday Blitz"]
[Site "Chess.com"]
[Date "2020.06.23"]
[Round "5"]
[White "Stronger1799"]
[Black "mjray79"]
[Result "1-0"]
[WhiteElo "2479"]
[BlackElo "2246"]
[TimeControl "180+1"]
[EndTime "10:57:21 PDT"]
[Termination "Stronger1799 won on time"]

1. e4 e5 2. Nf3 Nc6 3. Bb5 a6 4. Ba4 Nf6 5. d4 exd4 6. O-O Bc5 7. e5 Nd5 8. c3 Nb6 9. Bb3 d5 10.
exd6 Qxd6 11. Re1+ Be6 12. Bg5 O-O 13. Bxe6 fxe6 14.
Nbd2 h6 15. Bh4 dxc3 16. bxc3 Qf4 17. Rxe6 Qf7 18. Re2 Rae8 19. Ne4 Nd5 20. Bg3 Bb6 21. Qb3 Kh8 22. Rae1 Na5 23. Qc2 Nf4 24. Bxf4 Qxf4 25.
Neg5 Bxf2+ 26. Kf1 hxg5 27. Rxe8 Bxe1 28. Rxf8+ Qxf8 29. Kxe1 g4 30. Ne5 Qe7 31. Qe4 Qh4+ 32. g3 Qxh2 33.
Ng6+ Kh7 34. Nf4+ Kg8 35. Qe8+ Kh7 36. Qg6+ Kg8 37. Nh5 Qg1+ 38. Ke2 Qg2+ 39. Ke3 Qf3+ 40. Kd2 Nc4+ 41. Kc2 Qe2+ 42. Kb3 Na5+ 43. Ka3 Nc4+ 44. Kb4 a5+ 45. Kc5 b6+ 46. Kb5 1-0

[Event "*** SCC Grand Prix: Titled Tuesday Blitz"]
[Site "Chess.com"]
[Date "2020.06.23"]
[Round "5"]
[White "Grandmaster2B"]
[Black "Chuchofrio1"]
[Result "1-0"]
[WhiteElo "2424"]
[BlackElo "2215"]
[TimeControl "180+1"]
[EndTime "10:57:21 PDT"]
[Termination "Grandmaster2B won on time"]

1. e4 c5 2. Nf3 e6 3. d4 cxd4 4. Nxd4 Nf6 5. Nc3 Nc6 6. Ndb5 Bc5 7. Bf4 O-O 8. e5 a6 9. exf6 Qxf6 10. Bg3 axb5 11.
Bxb5 d5 12. O-O Nd4 13. Bd3 Bd7 14. Re1 Nf5 15. Be5 Qg5 16. Qf3 Nh4 17. Qg3 Qxg3 18. hxg3 Ng6 19. Bxg6 hxg6 20. a3 b5 21. Rad1 Rfc8 22.
Ne4 Be7 23. c3 Ra6 24. Bf4 Be8 25. Ng5 Ra4 26. Nf3 Bc5 27. Ne5 Bf8 28. Nd3 Rac4 29.
Be5 f6 30. Bd4 e5 31. Be3 Bf7 32. Nb4 d4 33. cxd4 Bxb4 34. axb4 Rxb4 35. dxe5 Rxb2 36. e6 Be8 37. Bd4 Rbc2 38. Ba1 b4 39. Bc3 R2xc3 40.
e7 b3 41. Rd8 Kf7 42. Kf1 b2 43. Rb1 Rc1+ 44. Rxc1 1-0

[Event "*** SCC Grand Prix: Titled Tuesday Blitz"]
[Site "Chess.com"]
[Date "2020.06.23"]
[Round "5"]
[White "Yoshikrov"]
[Black "AndrewDGreen"]
[Result "1-0"]
[WhiteElo "2025"]
[BlackElo "2299"]
[TimeControl "180+1"]
[EndTime "10:57:22 PDT"]
[Termination "Yoshikrov won by resignation"]

1. e4 c5 2. Nf3 g6 3. d4 cxd4 4.
Nxd4 Nc6 5. Nc3 Bg7 6. Be3 Nf6 7. Bc4 O-O 8. Bb3 d6 9. f3 Bd7 10. Qd2 Nxd4 11. Bxd4 b5 12. O-O-O e6 13. Bxf6 Qxf6 14. Qxd6 b4 15. Qxb4 Rab8 16. Qd6 Rfd8 17. Qc7 Be8 18. Rxd8 Rxd8 19. Rd1 Bh6+ 20. Kb1 Rxd1+ 21. Nxd1 Qd4 22. a3 Qxd1+ 23. Ka2 Qd7 24. Qc5 Bf8 25. Qg5 h6 26.
Qf4 Bg7 27. h4 a5 28. a4 Qd4 29. c3 Qd7 30. Qb8 Kh7 31. g4 Qc6 32. h5 gxh5 33. gxh5 Bd7 34. e5 Qxf3 35. Bc2+ f5 36. exf6+ Qf5 37.
Bxf5+ exf5 38. fxg7 Be6+ 39. Ka3 Kxg7 40. Qd6 Kf6 41.
Qc5 f4 42. Qxa5 Bf5 43. Qc5 Kg5 44. a5 Kg4 45. a6 f3 46. Qf2 1-0

[Event "*** SCC Grand Prix: Titled Tuesday Blitz"]
[Site "Chess.com"]
[Date "2020.06.23"]
[Round "5"]
[White "Gordima"]
[Black "Squirlolz"]
[Result "1-0"]
[WhiteElo "2743"]
[BlackElo "2513"]
[TimeControl "180+1"]
[EndTime "10:57:23 PDT"]
[Termination "Gordima won on time"]

1. d4 e6 2. c4 b6 3. e4 Bb7 4. Bd3 Nc6 5. Ne2 Nb4 6. Nbc3 Nxd3+ 7. Qxd3 g6 8. d5 Bg7 9. Be3 d6 10. f4 Ne7 11. Bd4 O-O 12. Bxg7 Kxg7 13. O-O-O Rc8 14. h4 exd5 15. cxd5 c6 16. dxc6 Nxc6 17. h5 Qf6 18. Kb1 Rfe8 19. Qh3 Nb4 20. hxg6 hxg6 21. Qh6+ Kg8 22. Rxd6 Qg7 23. Qxg7+ Kxg7 24. Ng3 Rh8 25. Rf1 Rh2 26. Rf2 Ba6 27. Rfd2 Rh4 28. f5 Rg4 29. a3 Nd3 30. R6xd3 Bxd3+ 31. Rxd3 gxf5 32. Nxf5+ Kf6 33. g3 Ke5 34. Rd5+ Ke6 35. Rd6+ Ke5 36. Rd7 Rh8 37. Rxf7 Rh1+ 38. Ka2 Rg6 39. Rxa7 Rc6 40. Re7+ Kf6 41.
Rd7 b5 42. Rd6+ Rxd6 43. Nxd6 b4 44. axb4 Ke5 45. Nc4+ Kd4 46. Kb3 Rh3 47. b5 Rxg3 48. b6 Rg7 49. Kb4 Rh7 50. e5 Re7 51. Kb5 Rb7 52. Kc6 Rb8 53. Nd6 Ra8 54. b7 Rh8 55. Nc8 1-0

[Event "*** SCC Grand Prix: Titled Tuesday Blitz"]
[Site "Chess.com"]
[Date "2020.06.23"]
[Round "5"]
[White "Mikasinski"]
[Black "mshuaau0"]
[Result "1-0"]
[WhiteElo "2390"]
[BlackElo "2199"]
[TimeControl "180+1"]
[EndTime "10:57:23 PDT"]
[Termination "Mikasinski won on time"]

1. e4 e5 2. Nf3 Nc6 3. Nc3 Nf6 4. Bb5 Bb4 5. O-O O-O 6. d3 d6 7. Bg5 Bxc3 8. bxc3 Ne7 9. Re1 Ng6 10. d4 h6 11. Bd2 Bd7 12. Bd3 Bc6 13. Rb1 b6 14. c4 Re8 15. c5 exd4 16. Nxd4 Bxe4 17. cxd6 Bxd3 18. Rxe8+ Nxe8 19. cxd3 Qxd6 20. Bc3 Rd8 21. Qa4 c5 22. Nb5 Qxd3 23. Re1 Nd6 24. Rd1 Qxb5 25. Qxb5 Nxb5 26. Rxd8+ Kh7 27. Bb2 f6 28. a4 Nd4 29. Bxd4 cxd4 30. Rxd4 Ne5 31. f4 Nc6 32. Rd6 Nb4 33. Rd7 a6 34. Rd6 b5 35. axb5 axb5 36. Rb6 Nd5 37. Rxb5 Nxf4 38. Kf2 Ng6 39. Rb7 Ne5 40.
Ke3 h5 41. Ke4 Kh6 42. Rc7 Ng4 43. h3 Ne5 44. Kf5 Kh7 45. Rb7 Kh6 46. g3 Kh7 47. Rb8 Nf7 48. Ra8 Nh6+ 49. Ke6 Ng8 50. Ra7 Nh6 51.
Rb7 Kg6 52. Ra7 Nf5 53. g4 hxg4 54. hxg4 Ne3 55. Ke7 Nxg4 56. Kf8 Ne5 57. Rxg7+ Kf5 58. Ke7 Ng4 59. Kd6 Ne5 60. Rg1 1-0

[Event "*** SCC Grand Prix: Titled Tuesday Blitz"]
[Site "Chess.com"]
[Date "2020.06.23"]
[Round "5"]
[White "OK97"]
[Black "Hasangatin_Ramil"]
[Result "1-0"]
[WhiteElo "2838"]
[BlackElo "2607"]
[TimeControl "180+1"]
[EndTime "10:57:24 PDT"]
[Termination "OK97 won on time"]

1. d4 d6 2. e4 Nf6 3. Nc3 e5 4. Nf3 Nbd7 5. Bc4 Be7 6. a4 O-O 7. O-O c6 8. h3 b6 9. Qe2 a6 10.
Rd1 Qc7 11. Ba2 Rb8 12. Nh4 exd4 13. Rxd4 Nc5 14. Rd1 Re8 15. b4 Ne6 16. Nf5 Bf8 17.
Qf3 b5 18. axb5 axb5 19. Bb2 Ng5 20. Qf4 Ngxe4 21. Nxe4 Nxe4 22. Ne3 Be6 23. Bxe6 Rxe6 24. Nf5 Rbe8 25. f3 Nf6 26. Qg3 g6 27. Nd4 Re5 28. Nb3 R5e6 29. Bd4 Qd8 30. Ra7 Bg7 31. Na5 Qc8 32. Qf2 Re2 33. Qg3 Nh5 34. Qxd6 Re1+ 35. Rxe1 Rxe1+ 36. Kf2 Rd1 37. c3 Bxd4+ 38. cxd4 Qe8 39.
Qe5 Qxe5 40. dxe5 Nf4 41. Nxc6 g5 42. g3 Rd2+ 43. Ke1 Rc2 44. Ne7+ Kf8 45. gxf4 gxf4 46.
Nf5 Ke8 47. Nd6+ Kf8 48. Rxf7+ Kg8 49. e6 1-0

[Event "*** SCC Grand Prix: Titled Tuesday Blitz"]
[Site "Chess.com"]
[Date "2020.06.23"]
[Round "5"]
[White "LedakovAlexandr"]
[Black "Gareth-Bale11"]
[Result "0-1"]
[WhiteElo "2455"]
[BlackElo "2732"]
[TimeControl "180+1"]
[EndTime "10:57:24 PDT"]
[Termination "Gareth-Bale11 won on time"]

1. d4 Nf6 2. Nf3 e6 3. Bg5 c5 4. e3 Qb6 5. Bxf6 Qxb2 6. Nbd2 gxf6 7. Rb1 Qc3 8. Rb3 Qa5 9. Be2 Nc6 10. O-O cxd4 11. Rb5 Qc7 12. exd4 a6 13. Rh5 Ne7 14.
c4 Bg7 15. Ne4 f5 16. Ng3 Ng6 17. d5 b6 18. Re1 Bb7 19. Bf1 O-O-O 20. Ng5 Nf4 21.
Nxf7 Nxh5 22. Nxh5 Bc3 23. Re3 Bb4 24. Nxh8 Rxh8 25. dxe6 dxe6 26. Rxe6 Rd8 27. Qb1 Bc5 28.
Qxf5 Kb8 29. Qf4 Qxf4 30. Nxf4 Rd2 31. Re2 Rd4 32. g3 Ka7 33. Re1 Rd2 34. Nd3 Bd4 35.
Re7 Kb8 36. h4 a5 37. a4 h6 38. g4 Bf3 39. g5 hxg5 40. hxg5 Rc2 41. g6 Rxc4 42.
Ne5 Rc3 43. g7 Bd5 44. Bg2 Ba2 45. Bf3 Bxe5 0-1

[Event "*** SCC Grand Prix: Titled Tuesday Blitz"]
[Site "Chess.com"]
[Date "2020.06.23"]
[Round "5"]
[White "ArjunErigaisi2003"]
[Black "GelmanAlexander"]
[Result "1-0"]
[WhiteElo "2895"]
[BlackElo "2555"]
[TimeControl "180+1"]
[EndTime "10:57:25 PDT"]
[Termination "ArjunErigaisi2003 won on time"]

1. e4 c5 2. Nf3 e6 3. d4 cxd4 4. Nxd4 d6 5. Nc3 a6 6. Be3 b5 7.
g3 Bb7 8. Bg2 Nd7 9. O-O Qc7 10.
Re1 Be7 11. a4 b4 12. Nd5 exd5 13. exd5 Kf8 14. Nf5 Re8 15. Bf4 g6 16. Qd4 f6 17.
Rxe7 gxf5 18. Rxe8+ Kxe8 19. Qxb4 Ne5 20. Be3 Ne7 21. Qb3 Kf7 22. f4 Nc4 23. Bd4 Bxd5 24.
Bxd5+ Nxd5 25. Qf3 Ne7 26. Qh5+ Ke6 27. Re1+ Kd7 28.
Bxf6 Qc5+ 29. Kg2 Re8 30. Qxh7 Ne3+ 31. Kh3 Nd5 32. Bxe7 Nxe7 33. c3 Qf2 34. Rxe7+ Rxe7 35. Qxf5+ Kd8 36. Qf8+ Kd7 37. Qf5+ Kc7 38. Qa5+ Qb6 39. Qg5 Re2 40. Qg7+ Kc6 41. f5 Qf2 42. Qf8 Qxh2+ 43. Kg4 Re4+ 44. Kg5 Qxg3+ 45. Kf6 Qe5+ 46. Kg6 Rg4+ 47.
Kh5 Rg7 48. Qa8+ 1-0

[Event "*** SCC Grand Prix: Titled Tuesday Blitz"]
[Site "Chess.com"]
[Date "2020.06.23"]
[Round "5"]
[White "csati17"]
[Black "Yuri202062"]
[Result "1-0"]
[WhiteElo "2611"]
[BlackElo "2419"]
[TimeControl "180+1"]
[EndTime "10:57:26 PDT"]
[Termination "csati17 won on time"]

1. c4 e6 2. Nf3 d5 3. g3 dxc4 4. Na3 a6 5. Nxc4 b5 6. Ne3 Bb7 7. Bg2 Nf6 8. O-O Nbd7 9. b3 c5 10. Bb2 Be7 11. Qc2 O-O 12. Rad1 Rc8 13. Qb1 Qb6 14.
Qa1 Rfd8 15. h3 Bf8 16. d3 Nd5 17. Ng4 Nb4 18. Qb1 Nc6 19. Ba1 f6 20. d4 Nxd4 21. Nxd4 Bxg2 22. Nxe6 Bxf1 23. Nxf8 Nxf8 24. Kxf1 Qc6 25.
f3 c4 26. bxc4 Qxc4 27. Rxd8 Rxd8 28. Ne3 Qc5 29. Qb3+ Kh8 30. Bb2 Qc6 31. Qf7 Qd7 32. Qb3 Qe6 33. Qc3 Re8 34. Ng2 Qxe2+ 35. Kg1 Ng6 36.
Qc6 Qe6 37. Qc3 Ne5 38. Nf4 Qc6 39. Qxc6 Nxc6 40. Ba3 b4 41. Bb2 a5 42. Kf2 a4 43.
Nd3 a3 44. Bc1 Rc8 45. Ke3 Ne5 46. Bd2 1-0

[Event "*** SCC Grand Prix: Titled Tuesday Blitz"]
[Site "Chess.com"]
[Date "2020.06.23"]
[Round "5"]
[White "Violord"]
[Black "penguingm1"]
[Result "0-1"]
[WhiteElo "2624"]
[BlackElo "2903"]
[TimeControl "180+1"]
[EndTime "10:57:28 PDT"]
[Termination "penguingm1 won on time"]

1. e4 e5 2. Nf3 Nc6 3. Bc4 Nf6 4. d3 h6 5. c3 d6 6. Bb3 g5 7. Be3 Bg7 8. Nbd2 O-O 9. h4 g4 10. Nh2 d5 11. exd5 Nxd5 12. Nxg4 Nxe3 13. Nxe3 Qxd3 14.
Qf3 Be6 15. Bxe6 fxe6 16. Qe4 Qd6 17. g3 Rad8 18. Rd1 Qc5 19. O-O Rf7 20. a4 Rdf8 21. Ndc4 a6 22. b4 Qe7 23. b5 axb5 24. axb5 Na7 25. Nxe5 Bxe5 26. Qxe5 Nc8 27. c4 Nd6 28. b6 Ne8 29. c5 Kh7 30. Qe4+ Kg8 31. Qxb7 Qxc5 32.
bxc7 Nxc7 33. Qe4 Rg7 34. Kg2 Qh5 35. Rd6 Kh8 36. Rc6 Ne8 37. Rc8 Rgf7 38. f4 Kg7 39.
Qd4+ Nf6 40. Rxf8 Rxf8 41. Rf2 Qg6 42. f5 Qe8 43. Rb2 Qc6+ 44. Kh2 Kg8 45. fxe6 Qxe6 46. Rf2 Qxe3 47. Qxe3 Ng4+ 48. Kh3 Nxe3 49. Re2 Nf5 50. g4 Nd4 0-1

[Event "*** SCC Grand Prix: Titled Tuesday Blitz"]
[Site "Chess.com"]
[Date "2020.06.23"]
[Round "5"]
[White "sasko1234"]
[Black "Shubinkirill2003"]
[Result "0-1"]
[WhiteElo "2423"]
[BlackElo "2624"]
[TimeControl "180+1"]
[EndTime "10:57:28 PDT"]
[Termination "Shubinkirill2003 won on time"]

1. b3 e5 2. Bb2 Nc6 3. e3 Nf6 4. Nf3 d6 5. d4 Bg4 6. h3 Bh5 7.
Be2 exd4 8. Nxd4 Bxe2 9. Qxe2 Nxd4 10. Bxd4 Be7 11. O-O O-O 12. c4 Re8 13. Rd1 Nd7 14. Qf3 c6 15. Nd2 Bf8 16. Bb2 Qh4 17. Nf1 Ne5 18.
Bxe5 Rxe5 19. Ng3 Re6 20. Rd4 Qh6 21. Rad1 Rd8 22. Qg4 Qg6 23. Qf3 Rf6 24. Qe2 Re6 25. Rg4 Qf6 26. Nh5 Qe5 27. Rdd4 f5 28. Rgf4 g5 29.
Qf3 gxf4 30. Rxf4 Rg6 31. Rxf5 Qe7 32. Nf6+ Kh8 33. Nh5 Kg8 34. Nf6+ Kh8 35. Nh5 Bg7 36. Rf7 Qe5 37. Nf4 Rf6 38. Rxb7 Rg8 39. Qg4 Bh6 40. Qd7 Bg7 41. Qg4 Qa1+ 42. Kh2 d5 43. cxd5 cxd5 44. Nxd5 Qe5+ 45. Nf4 a5 46. a4 Bh6 47. Qd7 Bg7 48.
Qg4 Rff8 49. Rb5 Qe7 50. Ng6+ hxg6 0-1

[Event "*** SCC Grand Prix: Titled Tuesday Blitz"]
[Site "Chess.com"]
[Date "2020.06.23"]
[Round "5"]
[White "ValentinDragnev"]
[Black "VincentKeymer"]
[Result "1-0"]
[WhiteElo "2745"]
[BlackElo "2836"]
[TimeControl "180+1"]
[EndTime "10:57:30 PDT"]
[Termination "ValentinDragnev won on time"]

1. e4 e6 2. d3 c5 3. Nf3 Nc6 4. g3 g6 5. Bg2 Bg7 6. O-O Nge7 7. c3 d5 8. Qe2 b6 9. e5 a5 10. Bf4 Ba6 11. c4 b5 12. Nbd2 Qd7 13. Rac1 bxc4 14.
dxc4 O-O 15. Rfd1 a4 16. b3 Rfc8 17. Ne4 Qa7 18. Nd6 Rd8 19. Ng5 Rf8 20. h4 axb3 21. axb3 h6 22. Nf3 Rab8 23. Qe3 d4 24. Qd2 Rxb3 25. Bxh6 Rxf3 26. Bxg7 Kxg7 27. Bxf3 Nxe5 28. Qe2 Nxf3+ 29. Qxf3 Qd7 30. Ne4 Qc6 31. Qf6+ Kg8 32.
Re1 Nf5 33. Qe5 Rc8 34. h5 Bb7 35. hxg6 fxg6 36. g4 Ng7 37. f3 Rf8 38. Kg2 Ba8 39. Qg5 e5 40. Ra1 Rf7 41. Qxe5 Ne6 42. Rab1 Nf4+ 43.
Kg3 Bb7 44. Qb8+ Kg7 45. Qe5+ Kg8 46. Rh1 Ne2+ 47. Kf2 1-0